 Dungeon Sprint DCSS version 0.21.1-1-g345015fe64 (webtiles) character file.

13331 Groucho the Peltast (level 11, -17/175 HPs)
             Began as a Deep Dwarf Fighter on Apr 15, 2018.
             Was the Champion of Makhleb.
             Demolished by an orc knight
             ... wielding a +0 long sword
              (27 damage)
             ... in the Dungeon (Sprint IX: "|||||||||||||||||||||||||||||").
             The game lasted 00:08:16 (2330 turns).

Groucho the Peltast (Deep Dwarf Fighter)            Turns: 2330, Time: 00:08:16

Health: -17/175    AC: 17    Str: 28    XL:     11   Next: 74%
Magic:  14/14      EV: 12    Int:  8    God:    Makhleb [******]
Gold:   1260       SH: 15    Dex: 13    Spells: 10/10 levels left

rFire    . . .     SeeInvis .   p - +3 war axe (freeze)
rCold    . . .     Gourm    .   c - +0 shield
rNeg     . . .     Faith    .   r - +2 ring mail
rPois    .         Spirit   .   q - +0 helmet
rElec    .         Reflect  .   y - +0 cloak
rCorr    .         Harm     .   a - +0 pair of gloves
MR       +....     NoTele   +   (no boots)
Stlth    ..........             (no amulet)
HPRegen  0.00/turn              b - +2 ring of protection
MPRegen  0.14/turn              s - +2 ring of evasion

@: berserking, non-regenerating, very quick
A: damage resistance, heal wounds, sense surroundings 2, no regeneration
a: Heal Wounds, Minor Destruction, Lesser Servant of Makhleb, Major Destruction,
Greater Servant of Makhleb, Renounce Religion


You were in the Dungeon.
You worshipped Makhleb.
Makhleb was exalted by your worship.
You were not hungry.

You visited 1 branch You collected 1260 gold pieces.

Inventory:

Hand Weapons
 p - a +3 war axe of freezing (weapon)
 B - a +5 blowgun
Missiles
 x - 3 tomahawks of returning (quivered)
Armour
 a - a +0 pair of gloves (worn)
 c - a +0 shield (worn)
 q - a +0 helmet (worn)
 r - a +2 ring mail (worn)
 y - a +0 cloak (worn)
Jewellery
 b - a +2 ring of protection (left hand)
 s - a +2 ring of evasion (right hand)
Wands
 o - a wand of iceblast (4)
Scrolls
 k - a scroll of blinking
 m - 5 scrolls of remove curse
 n - 5 scrolls of amnesia
 u - 3 scrolls of enchant armour
 v - a scroll of fear
 w - 2 scrolls of enchant weapon
Potions
 d - a potion of might
 e - a potion of invisibility
 f - 2 potions of agility
 h - a potion of haste
 i - 4 potions of magic
 j - a potion of berserk rage
 l - 2 potions of curing
 t - a potion of flight
 A - a potion of lignification {unknown}
Comestibles
 z - 9 rations


   Skills:
 + Level 13.3 Fighting
 + Level 15.3 Axes
 + Level 15.5 Armour
 + Level 15.5 Shields
 + Level 4.8 Invocations
 - Level 9.2 Evocations


You had 10 spell levels left.
You didn't know any spells.

Dungeon Overview and Level Annotations

Branches:
Dungeon (1/1)

Altars:
Cheibriados
Dithmenos
Elyvilon
Fedhas
Gozag
Hepliaklqana
Kikubaaqudgha
Makhleb
Nemelex Xobeh
Okawaru
Qazlal
Ru
Sif Muna
Trog
Uskayaw
Vehumet
Wu Jian
Xom
Yredelemnul
Zin
The Shining One
Beogh
Jiyva
Lugonu

Shops:
D :


Innate Abilities, Weirdness & Mutations

You are resistant to damage.
You can heal yourself by infusing magical energy.
You passively map the area around you.
You do not regenerate.


Message History

You hit the orc knight but do no damage.
The orc knight is almost dead.
You block the orc knight's attack.
You slice the orc knight!! You freeze the orc knight.
You kill the orc knight!
Makhleb accepts your kill.
You feel better.
You barely miss the orc knight. You slash the orc knight!
You freeze the orc knight.
The orc knight is lightly wounded.
The orc warrior no longer looks unusually strong.
The orc knight hits you with a long sword!!
* * * LOW HITPOINT WARNING * * *
You barely miss the orc knight.
The orc knight is lightly wounded.
You block the orc warrior's attack.
You closely miss the orc knight.
The orc knight is lightly wounded.
The orc knight hits you with a long sword!!
You die...

+ * ,
▓.▓.▓.▓.▓.▓ ,
*, *
*,▓.▓.▓.▓.▓.▓
,* * *,
▓)▓.▓.▓.▓†▓
,*, *
▓.▓.▓.▓.▓.▓ ,
,▓.▓.▓.▓.▓.▓
* ,
,▓o▓.▓'▓.▓.▓
* ,*
,▓o▓.▓.▓.▓.▓
*,* * ,
▓o▓.▓.▓.▓)▓ *
▓@▓.▓.▓.▓)▓ ,
▓.▓.▓.▓.▓(▓
*,
▓.▓.▓.▓.▓.▓
,*
▓.▓.▓.▓.▓.▓
,, , ,
,▓...▓...▓<▓
** ***
▓▓▓▓▓▓▓▓▓▓▓


You could see an orc knight and 2 orc warriors.

Vanquished Creatures
  A dire elephant (D)
  Harold (D)
  A centaur warrior (D)
  A two-headed ogre (D)
  Sonja (D)
  4 orc knights (D)
  8 elephants (D)
  An ugly thing (D)
  A cyclops (D)
  4 spiny frogs (D)
  A rime drake (D)
  A troll (D)
  A blink frog (D)
  2 hippogriffs (D)
  3 yaks (D)
  A basilisk (D)
  A wyvern (D)
  A hungry ghost (D)
  Grum (D)
  2 porcupines (D)
  An ice beast (D)
  9 orc warriors (D)
  A black bear (D)
  2 wolves (D)
  3 crocodiles (D)
  A howler monkey (D)
  A crimson imp (D)
  A hound (D)
  4 orc priests (D)
  3 orc wizards (D)
  2 worker ants (D)
  An adder (D)
  A leopard gecko (D)
  9 orcs (D)
  A bat skeleton (D)
  A bat zombie (D)
  2 hobgoblins (D)
  2 kobolds (D)
82 creatures vanquished.

Vanquished Creatures (others)
  A spatial maelstrom (D)
1 creature vanquished.

Grand Total: 83 creatures vanquished

Notes
Turn   | Place    | Note
-------+----------+-------------------------------------------
     0 | D        | Groucho the Deep Dwarf Fighter began the quest for the Orb.
     0 | D        | Reached XP level 1. HP: 20/20 MP: 1/1
     0 | D        | Banished a spatial maelstrom
    20 | D        | Noticed an ice beast
    20 | D        | Noticed a worker ant
    20 | D        | Noticed a hound
    20 | D        | Noticed a worker ant
    30 | D        | Killed a worker ant
    30 | D        | Reached XP level 2. HP: 22/30 MP: 2/2
    30 | D        | Reached XP level 3. HP: 27/36 MP: 3/3
    45 | D        | Reached skill level 5 in Armour
    45 | D        | Reached skill level 5 in Shields
    47 | D        | Reached skill level 5 in Axes
    47 | D        | Reached XP level 4. HP: 29/45 MP: 4/4
    54 | D        | HP: 2/45 [ice beast (12)]
    58 | D        | Killed an ice beast
    58 | D        | Reached skill level 5 in Fighting
    58 | D        | Reached XP level 5. HP: 27/55 MP: 5/5
    65 | D        | Found a roughly hewn altar of Beogh.
    65 | D        | Found a snail-covered altar of Cheibriados.
    65 | D        | Found a shadowy altar of Dithmenos.
    65 | D        | Found a white marble altar of Elyvilon.
    65 | D        | Found a blossoming altar of Fedhas.
    65 | D        | Found an opulent altar of Gozag.
    66 | D        | Found a hazy altar of Hepliaklqana.
    67 | D        | Found a viscous altar of Jiyva.
    68 | D        | Found an ancient bone altar of Kikubaaqudgha.
    69 | D        | Found a corrupted altar of Lugonu.
    70 | D        | Found a burning altar of Makhleb.
    71 | D        | Found a sparkling altar of Nemelex Xobeh.
    72 | D        | Found an iron altar of Okawaru.
    73 | D        | Found a stormy altar of Qazlal.
    74 | D        | Found a sacrificial altar of Ru.
    75 | D        | Found a deep blue altar of Sif Muna.
    76 | D        | Found a bloodstained altar of Trog.
    77 | D        | Found a hide-covered altar of Uskayaw.
    78 | D        | Became a worshipper of Makhleb the Destroyer
    80 | D        | Found a radiant altar of Vehumet.
    81 | D        | Found an ornate altar of the Wu Jian Council.
    82 | D        | Found a shimmering altar of Xom.
    83 | D        | Found a basalt altar of Yredelemnul.
    84 | D        | Found a glowing silver altar of Zin.
    85 | D        | Found a glowing golden altar of the Shining One.
   140 | D        | Noticed a yak
   140 | D        | Noticed a two-headed ogre
   146 | D        | Killed a two-headed ogre
   146 | D        | Reached XP level 6. HP: 46/67 MP: 6/6
   146 | D        | Reached XP level 7. HP: 51/74 MP: 7/7
   150 | D        | Killed a yak
   150 | D        | Reached skill level 10 in Armour
   150 | D        | Reached skill level 10 in Shields
   153 | D        | Reached * piety under Makhleb
   153 | D        | Reached XP level 8. HP: 56/82 MP: 8/8
   157 | D        | Reached ** piety under Makhleb
   181 | D        | Noticed a green ugly thing
   181 | D        | Noticed a centaur warrior
   181 | D        | Noticed a cyclops
   181 | D        | Noticed a troll
   186 | D        | Killed a troll
   186 | D        | Reached skill level 10 in Axes
   193 | D        | Killed a cyclops
   207 | D        | Killed a centaur warrior
   207 | D        | Reached skill level 10 in Fighting
   207 | D        | Gained mutation: You passively map the area around you. [Deep Dwarf growth]
   207 | D        | Reached XP level 9. HP: 50/93 MP: 9/9
   223 | D        | Reached *** piety under Makhleb
   229 | D        | Killed a green ugly thing
   359 | D        | Noticed a spiny frog
   359 | D        | Noticed a rime drake
   359 | D        | Noticed a spiny frog
   367 | D        | Killed a spiny frog
   373 | D        | Reached **** piety under Makhleb
   385 | D        | Killed a rime drake
   388 | D        | Killed a spiny frog
   388 | D        | Reached XP level 10. HP: 42/105 MP: 10/10
   392 | D        | Reached ***** piety under Makhleb
   748 | D        | Noticed a spiny frog
   750 | D        | Noticed an elephant
   759 | D        | Noticed a spiny frog
   767 | D        | Killed a spiny frog
   767 | D        | Reached skill level 1 in Evocations
   782 | D        | Killed an elephant
   782 | D        | Reached ****** piety under Makhleb
   789 | D        | Killed a spiny frog
   803 | D        | Noticed an elephant
   803 | D        | Noticed a dire elephant
   803 | D        | Noticed an elephant
   803 | D        | Noticed an elephant
   803 | D        | Noticed an elephant
   803 | D        | Noticed an elephant
   811 | D        | Killed an elephant
   827 | D        | Killed a dire elephant
   832 | D        | Killed an elephant
   841 | D        | Noticed an elephant
   843 | D        | Killed an elephant
   843 | D        | Reached XP level 11. HP: 92/115 MP: 14/16
   970 | D        | Noticed Harold
   986 | D        | Killed Harold
  1050 | D        | Noticed Grum
  1059 | D        | Killed Grum
  1077 | D        | Noticed Sonja
  1091 | D        | Killed Sonja
  1091 | D        | Reached skill level 15 in Armour
  1091 | D        | Reached skill level 15 in Shields
  2140 | D        | Noticed an orc knight
  2166 | D        | Killed an orc knight
  2166 | D        | Reached skill level 15 in Axes
  2247 | D        | Found Cyucude's Book Boutique.
  2247 | D        | Noticed an orc knight
  2247 | D        | Noticed an orc knight
  2248 | D        | Noticed an orc knight
  2250 | D        | Noticed an orc knight
  2257 | D        | Killed an orc knight
  2302 | D        | Killed an orc knight
  2326 | D        | Killed an orc knight
  2330 | D        | Demolished by an orc knight

Skill      XL: |  1  2  3  4  5  6  7  8  9 10 11 |
---------------+----------------------------------+-----
Fighting       | 3 4 5 8 10 11 12 13 | 13.3
Axes           | 3 5 6 9 11 12 14 15 | 15.3
Armour         | 4 5 6 9 10 11 13 14 15 | 15.5
Shields        | 4 5 6 9 10 11 13 14 15 | 15.5
Evocations     | 6 9 |  9.2
Invocations    | 4 |  4.8

Action                   |  1- 3 |  4- 6 |  7- 9 | 10-12 || total
-------------------------+-------+-------+-------+-------++-------
Melee: War axe           |    37 |    15 |    90 |   281 ||   423
Invok: Lesser Servant of |       |       |       |     2 ||     2
 Abil: Heal Wounds       |       |       |       |     5 ||     5
Evoke: Wand              |       |       |       |     6 ||     6
  Use: Potion            |       |     3 |     1 |     7 ||    11
       Scroll            |       |       |       |     1 ||     1
  Eat: Ration            |       |       |     1 |     1 ||     2
       Chunk             |       |       |       |     3 ||     3
Armor: Scale mail        |    11 |     4 |       |       ||    15
       Ring mail         |       |       |    23 |    37 ||    60
Dodge: Dodged            |    12 |     6 |    22 |    57 ||    97
Block: Shield            |    23 |     6 |    46 |   111 ||   186
